 Dungeon Crawl Stone Soup version 0.21.0-3-g78d12a8 (webtiles) character file.

198 tv1990 the Bolt Thrower (level 6, 0/47 HPs)
             Began as a Formicid Hunter on Jan 9, 2018.
             Slain by Gandalfino's ghost (9 damage)
             ... on level 3 of the Dungeon.
             The game lasted 00:06:09 (2545 turns).

tv1990 the Bolt Thrower (Formicid Hunter)           Turns: 2545, Time: 00:06:10

Health: 0/47       AC: 10    Str: 17    XL:     6   Next: 6%
Magic:  6/6        EV:  7    Int: 10    God:
Gold:   153        SH:  0    Dex: 13    Spells: 5/5 levels left

rFire    . . .     SeeInvis +   a - +1 hand crossbow
rCold    . . .     Gourm    .   (no shield)
rNeg     . . .     Faith    .   h - +0 chain mail
rPois    .         Spirit   .   (helmet unavailable)
rElec    .         Reflect  .   (no cloak)
rCorr    .         Harm     .   g - +0 pair of gloves
MR       .....                  (no boots)
Stlth    ..........             o - amulet of rage
HPRegen  0.15/turn              t - ring of teleportation
MPRegen  0.10/turn              (no ring)

@: no status effects
A: permanent stasis, dig shafts and tunnels, four strong arms, antennae 3
a: Dig, Shaft Self


You were on level 3 of the Dungeon.
You were not hungry.

You visited 1 branch of the dungeon, and saw 6 of its levels.

You collected 153 gold pieces.

Inventory:

Hand Weapons
 a - a +1 hand crossbow (weapon)
 b - a +0 short sword
Armour
 c - a +0 leather armour
 g - a +0 pair of gloves (worn)
 h - a +0 chain mail (worn)
Jewellery
 o - an amulet of rage (around neck)
 t - a ring of teleportation (left hand)
Wands
 n - a wand of paralysis (15)
Scrolls
 e - 2 scrolls of noise
 j - 3 scrolls of identify
 k - a scroll of remove curse
 m - a scroll of teleportation
Potions
 d - a potion of invisibility {unknown}
 i - a potion of heal wounds
 q - a potion of flight
 r - a potion of haste
Comestibles
 f - 9 rations


   Skills:
 + Level 3.6 Fighting
 * Level 5.6 Crossbows
 + Level 2.6 Armour
 - Level 1.7 Dodging
 - Level 1.2 Stealth


You had 5 spell levels left.
You didn't know any spells.

Dungeon Overview and Level Annotations

Branches:
Dungeon (6/15)
 Temple: D:4-7

Altars:
Sif Muna

Annotations:
D:3 Gandalfino's ghost, amateur MiGl
D:6 Dowan; Duvessa


Innate Abilities, Weirdness & Mutations

You cannot be hasted, slowed, berserked, paralysed or teleported.
You can dig through walls and to a lower floor.
Your four strong arms can wield two-handed weapons with a shield.
You have a pair of large antennae on your head. (SInv)


Message History

Gandalfino's ghost completely misses you.
Aim: Gandalfino's ghost (lightly damaged)
You shoot a bolt.
The bolt completely misses Gandalfino's ghost.
Gandalfino's ghost hits you! Gandalfino's ghost closely misses you.
Aim: Gandalfino's ghost (lightly damaged)
You shoot a bolt.
The bolt closely misses Gandalfino's ghost.
Gandalfino's ghost hits you!
* * * LOW HITPOINT WARNING * * *
Aim: Gandalfino's ghost (lightly damaged)
You shoot a bolt.
The bolt hits Gandalfino's ghost but does no damage.
Gandalfino's ghost hits you.
* * * LOW HITPOINT WARNING * * *
Aim: Gandalfino's ghost (lightly damaged)
You shoot a bolt. The bolt hits Gandalfino's ghost!
Gandalfino's ghost whispers, "Death is liberation."
Gandalfino's ghost hits you!
You die...

#########
#.......#
...####** ###*
......#****#..#*
.##.#.#{≈..#8..###
.#....#>≈..'._..(#
.##.#.#{≈..#8..#W#
.##.#.#****#..##@#
.##.#.########*#.#
.##..........# #.#
.####.####.#.###.#
.# #...)........#
.# ######.#.#####
.# #.#.# .# #.#.#
.# #.#.#


You could see Gandalfino's ghost.

Vanquished Creatures
  Terence (D:1)
  4 gnolls
  6 adders
  4 worms
  3 dart slugs (D:1)
  2 leopard geckos
  2 orcs
  A ball python (D:1)
  2 bats
  A giant cockroach (D:2)
  6 goblins
  7 hobgoblins
  4 jackals (D:4)
  4 frilled lizards
  6 kobolds
  13 rats
66 creatures vanquished.

Notes
Turn   | Place    | Note
-------+----------+-------------------------------------------
     0 | D:1      | tv1990 the Formicid Hunter began the quest for the Orb.
     0 | D:1      | Reached XP level 1. HP: 16/16 MP: 1/1
    29 | D:1      | Reached XP level 2. HP: 23/23 MP: 2/2
   278 | D:1      | Reached skill level 1 in Armour
   345 | D:1      | Reached XP level 3. HP: 28/28 MP: 3/3
   592 | D:2      | Noticed Terence
   603 | D:1      | Killed Terence
   603 | D:1      | Reached XP level 4. HP: 27/34 MP: 4/4
   679 | D:2      | Reached skill level 5 in Crossbows
   965 | D:2      | Reached XP level 5. HP: 41/41 MP: 5/5
  1837 | D:3      | Noticed Gandalfino's ghost (amateur MiGl)
  1848 | D:3      | You fall through a shaft for 3 floors!
  1848 | D:6      | Noticed a sky beast
  1848 | D:6      | Noticed a sky beast
  1864 | D:6      | Noticed Dowan
  1865 | D:6      | Noticed Duvessa
  1872 | D:5      | Entered Level 5 of the Dungeon
  2177 | D:4      | Noticed an ogre
  2282 | D:3      | Reached XP level 6. HP: 37/47 MP: 6/6
  2534 | D:3      | Found a deep blue altar of Sif Muna.
  2545 | D:3      | Slain by Gandalfino's ghost

Skill      XL: |  1  2  3  4 |
---------------+-------------+-----
Armour         | 1 2 |  2.6
Fighting       | 3 |  3.6
Crossbows      | 5 |  5.6
Dodging        | |  1.7
Stealth        | |  1.2

Action                   |  1- 3 |  4- 6 || total
-------------------------+-------+-------++-------
Melee: Short sword       |       |    84 ||    84
 Fire: Hand crossbow     |    41 |   118 ||   159
 Abil: Dig               |       |     2 ||     2
       Shaft Self        |       |     1 ||     1
  Use: Scroll            |       |     9 ||     9
  Eat: Chunk             |       |     6 ||     6
Armor: Chain mail        |     6 |    87 ||    93
Dodge: Dodged            |     5 |    61 ||    66

Vault maps used:
D:1:      dpeg_arrival_shrine
D:2:      uniq_terence
D:3:      lemuel_doored_altar, led_sif_book
D:4:      old_standard_altar
D:5:      minmay_temple_entry_glass, first_ration, corexii_leaking_fountain,
          xom_redecorated, uniq_eustachio, uniq_sigmund
D:6:      kennysheep_mini, uniq_duvessa, uniq_blork_the_orc
